Map: Orbital Shipyard

Players

Kéza

  • Race: Terran Terran
  • League: Gold

capac - Winner!

  • Race: Terran Terran
  • League: Gold

VOD

Have the link to the VOD?

Description

Time

  • Played on: Dec. 1, 2015, 8:16 a.m.
  • Length: 13:31
Show
View Real Time Build Order
Export as new Build Order

Kéza Terran 

Build Orders: Banshee Rush 

Get SALT Encoding   

  12  0:01  SCV  
  13  0:13  SCV  
  14  0:24  Supply Depot  
  14  0:27  Refinery  
  14  0:30  SCV  
  15  0:48  Barracks  
  15  0:50  SCV  
  16  0:59  Supply Depot  
  16  1:03  Refinery  
  16  1:10  SCV  
  17  1:23  SCV  
  18  1:36  SCV  
  19  1:42  Marine  
  19  1:46  Factory  
  20  1:48  Orbital Command  
  20  2:00  Marine  
  21  2:14  SCV  
  22  2:18  Marine  
  23  2:31  Factory Tech Lab  
  23  2:32  Starport  
  23  2:33  SCV  
  23  2:36  Marine  
  25  2:45  SCV  
  26  2:58  SCV  
  27  2:59  Marine  
  28  3:09  Supply Depot  
  28  3:17  Cloaking Field, Banshee  
  31  3:31  SCV  
  32  3:38  Command Center  
  32  3:40  Factory Tech Lab  
  32  3:49  Supply Depot  
  32  3:56  SCV  
  32  4:01  Siege Tank  
  36  4:12  Engineering Bay  
  36  4:15  Raven  
  38  4:21  SCV  
  39  4:34  Barracks Tech Lab  
  39  5:13  Siege Tank  
  42  5:19  SCV  
  42  5:20  Terran Infantry Armor Level 1  
  43  5:22  Missile Turret  
  43  5:23  Orbital Command  
  43  5:28  Starport  
  40  5:31  SCV  
  40  5:32  Marine  
  42  5:39  Barracks  
  42  5:43  SCV  
  42  5:44  Barracks x2  
  43  5:54  Starport Reactor  
  43  5:56  Cyclone, SCV  
  47  5:58  Mag-Field Accelerator  
  47  6:05  SCV  
  47  6:08  Refinery, SCV  
  47  6:10  Starport Reactor  
  49  6:11  Refinery  
  49  6:17  SCV  
  50  6:20  SCV  
  51  6:30  Barracks  
  51  6:34  Barracks Reactor  
  51  6:36  Starport Reactor, Barracks Reactor  
  51  6:40  SCV  
  51  6:43  Barracks Tech Lab, SCV  
  53  6:52  SCV  
  54  6:55  SCV  
  54  6:56  Missile Turret  
  54  6:59  Cyclone  
  58  7:04  SCV  
  58  7:07  Armory  
  59  7:17  SCV  
  60  7:29  SCV  
  61  7:49  Combat Shields  
  61  7:54  Marine  
  62  8:09  Command Center  
  62  8:18  Supply Depot  
  62  8:20  Supply Depot  
  62  8:21  Terran Infantry Weapons Level 1  
  62  8:22  Terran Vehicle Weapons Level 1  
  62  8:24  Liberator x2  
  62  8:28  Engineering Bay  
  62  8:40  Marine x5, Siege Tank  
  70  8:41  Marine  
  70  8:44  SCV  
  78  9:04  Liberator x2  
  78  9:08  Concussive Shells, Stimpack  
  78  9:12  Supply Depot, Liberator  
  78  9:14  Supply Depot  
  78  9:15  Terran Infantry Armor Level 2  
  78  9:16  Supply Depot  
  78  9:21  Marauder x2, Marine x2, SCV x2  
  95  9:38  Refinery  
  95  9:40  Refinery  
  95  9:43  SCV  
  96  9:52  Missile Turret  
  96  9:55  Missile Turret  
  96  9:56  Supply Depot  
  96  10:00  Supply Depot  
  96  10:01  Supply Depot  
  96  10:02  SCV  
  96  10:04  Planetary Fortress  
  96  10:06  Medivac x2  
  101  10:14  SCV  
  101  10:15  Marauder, Marine x2  
  101  10:16  Marauder x2, Marine x2  
  101  10:21  SCV  
  113  10:26  SCV  
  114  10:33  SCV  
  115  10:37  Marauder  
  115  10:38  SCV  
  118  10:43  SCV  
  118  10:47  Siege Tank  
  122  10:55  SCV  
  125  10:57  Marauder, Marine  
  125  10:58  Marauder x2, Marine x2  
  124  11:18  Marauder  
  125  11:19  Siege Tank  
  97  11:54  Marine x2  
  97  11:55  Marauder x2, Marine x2  
  105  12:01  SCV  
  106  12:12  Marine x2  
  106  12:15  Command Center  
  108  12:16  Marauder  
  110  12:23  Supply Depot x2  
  110  12:45  Marauder  
  92  13:05  Marine  
  92  13:06  Marauder x2, Marine x3  
Show
View Real Time Build Order
Export as new Build Order

capac Terran - Winner!

Build Orders: Liberator Opening 

Get SALT Encoding   

  12  0:01  SCV  
  13  0:13  SCV  
  14  0:18  Supply Depot  
  14  0:25  SCV  
  15  0:39  SCV  
  15  0:42  Barracks  
  16  0:46  Refinery  
  16  0:53  SCV  
  17  1:05  SCV  
  18  1:17  SCV  
  19  1:29  Marine  
  20  1:34  Supply Depot  
  21  1:47  SCV, Command Center  
  21  1:51  Marine  
  22  2:07  Refinery  
  22  2:12  Factory  
  22  2:15  Marine  
  22  2:18  SCV  
  24  2:32  Orbital Command  
  24  2:33  Marine  
  25  2:51  Marine  
  25  2:56  Barracks  
  26  2:58  Orbital Command  
  26  3:01  SCV  
  27  3:06  Factory Tech Lab  
  27  3:18  Marine  
  27  3:19  Engineering Bay  
  28  3:29  Starport  
  28  3:32  SCV  
  29  3:37  SCV  
  30  3:42  Siege Tank  
  30  3:43  Marine  
  34  3:49  Liberator  
  34  3:59  SCV x2  
  34  4:00  Missile Turret  
  34  4:01  Marine  
  37  4:03  Barracks Tech Lab  
  40  4:11  SCV  
  41  4:17  Siege Tank  
  41  4:19  Marine  
  41  4:23  SCV  
  46  4:49  SCV  
  46  4:50  Marine  
  46  4:52  Marine  
  46  5:04  Missile Turret  
  46  5:05  Missile Turret  
  46  5:14  SCV  
  46  5:16  Marine  
  46  5:18  SCV  
  46  5:26  SCV  
  46  5:52  Marine, Siege Tank, SCV x2, Medivac  
  54  6:03  Starport  
  54  6:05  Barracks  
  54  6:09  Barracks  
  54  6:10  Supply Depot  
  54  6:12  Supply Depot  
  54  6:14  Barracks Reactor  
  54  6:30  Refinery  
  54  6:31  Marine, Siege Tank, SCV x2  
  60  6:34  Supply Depot x2  
  60  6:43  SCV  
  60  6:45  SCV, Command Center  
  62  6:49  Marine  
  62  6:52  Medivac  
  65  6:55  SCV  
  66  7:03  SCV  
  66  7:05  Supply Depot x2, Refinery  
  66  7:07  SCV  
  68  7:08  Marine x2  
  68  7:10  Marine x2  
  72  7:15  Starport Reactor  
  73  7:22  SCV  
  73  7:23  SCV  
  74  7:30  Starport Reactor  
  74  7:31  Supply Depot  
  74  7:33  Supply Depot  
  74  7:40  Marine x4  
  74  7:42  Marauder  
  74  7:43  Stimpack  
  80  7:44  SCV x2  
  82  7:52  Supply Depot  
  82  7:55  Medivac  
  82  7:58  Medivac  
  86  8:15  Orbital Command  
  86  8:17  Missile Turret  
  86  8:19  SCV x2  
  88  8:29  Liberator, Siege Tank  
  88  8:33  Barracks Reactor x2  
  91  8:37  SCV x2  
  93  8:41  SCV  
  97  8:49  Supply Depot  
  97  8:51  Liberator  
  97  8:57  SCV x2  
  97  8:59  Refinery  
  97  9:00  Marine x2  
  97  9:01  Refinery, Marauder  
  106  9:11  Marine x3  
  106  9:12  Marine  
  110  9:17  Supply Depot, SCV x2  
  112  9:25  Medivac  
  114  9:33  SCV x2  
  116  10:10  Marine x2  
  116  10:11  Marine x2  
  116  10:12  Marine x2  
  116  10:13  Marauder  
  116  10:14  Siege Tank  
  127  10:15  Liberator x2, SCV x2  
  127  10:16  Liberator  
  129  10:24  Command Center  
  129  10:26  SCV  
  129  10:27  SCV  
  131  10:28  SCV  
  131  10:30  Marine x3  
  131  10:31  Marine  
  131  10:34  Marauder  
  147  10:39  SCV  
  148  10:56  Marauder  
  147  11:10  Liberator  
  147  11:12  Liberator  
  147  11:21  Marine x6  
  147  11:22  Marauder  
  155  11:29  Siege Tank  
  119  11:44  Marauder  
  121  11:53  Factory, SCV  
  121  11:54  SCV  
  123  11:55  Marine x5  
  123  11:56  Marine  
  123  12:01  Siege Tank  
  132  12:02  Armory  
  132  12:05  Marauder  
  134  12:10  Engineering Bay  
  134  12:12  Medivac x3  
  134  12:13  Marine x4  
  144  12:15  Medivac  
  146  12:26  Marauder  
  148  12:33  Siege Tank  
  151  12:48  Marauder  
  129  13:04  Marine x3  
  129  13:05  Marine x3  
  115  13:09  Marauder  
Tags
 
Add a new tag
Caveats
  • Supply blocks, unpowered buildings, or Contaminate may cause inaccurate times.
  • Supply counts are checked every 10 seconds.